wizbiz, neutral female human Wizard ---------- ------- |...<....| |.....| ------- |.........#############+.....| -.....| |........| ##|.....| |...(..# |.........#############--.---- #..{...|# |........| # ######## #|.....|# |........| ### # # #-------# --------|- # # ### ## ### # # ### # # # # # # # # ### # # # ### ### # # # # # # ############## ### # # ### # #`###### # %## # # ### ---+-----------# #------------ ---.------# # |..............# M|.........l| |.........# ###|.............| f@d..Z......| |........| #..............| |..........| |........+ --------------- |..........| ---------- ------------ wizbiz the Thaumaturge Experience level: 6 Strength: 16 Dexterity: 10 Constitution: 13 Intelligence: 18 Wisdom: 11 Charisma: 11 Health: 0(47) Energy: 7(60) Def: 1 Gold: 0 Moves: 2453 Dungeon seed: TYRVStJf5OR1CzYG Game ID: wizbiz_1526179385 Your Inventory: Amulets E - a blessed amulet versus poison F - an uncursed amulet of ESP (being worn) Weapons a - a blessed +1 quarterstaff (weapon in hands) Armor e - an uncursed +0 cloak of magic resistance (being worn) Comestibles u - 4 uncursed food rations J - an uncursed clove of garlic K - 2 uncursed lembas wafers Scrolls j - an uncursed scroll of genocide k - an uncursed scroll of light H - an uncursed scroll of create monster Spellbooks l - a blessed spellbook of force bolt m - an uncursed spellbook of confuse monster x - an uncursed spellbook of sleep Potions f - an uncursed potion of healing g - an uncursed potion of extra healing h - an uncursed potion of oil A - an uncursed potion of booze C - an uncursed potion of speed D - an uncursed potion of sleeping L - an uncursed potion of sickness Rings c - an uncursed +4 ring of gain strength (on left hand) d - an uncursed ring of slow digestion (on right hand) s - an uncursed ring of searching M - an uncursed ring of sustain ability N - an uncursed ring of polymorph control Wands b - a wand of light (0:11) I - a wand of striking (0:4) O - a wand of create monster (0:9) Tools n - an uncursed blindfold v - a magic marker (0:62) Gems q - an uncursed fluorite stone r - an uncursed chrysoberyl stone y - an uncursed worthless piece of green glass Spells and supernatural/magical abilities: Name Level Category Fail Memory a - force bolt 1 attack 0% 88% u - confuse monster 2 enchantment 0% 88% z - sleep 1 enchantment 0% 92% W - pray for help -- divine ? -- Your skills at the end: Fighting Skills Weapon Skills quarterstaff [Basic] Spellcasting Skills attack spells [Basic] enchantment spells [Basic] Final Attributes: You were stridently aligned. You were magic-protected. You were telepathic. You had slower digestion. You are dead. Vanquished creatures: a large mimic a small mimic 9 leprechauns a giant ant a floating eye a homunculus a rabid rat a giant bat an acid blob 2 gas spores a large kobold a giant rat 2 yellow molds a gnome a gecko 5 jackals a fox a kobold 2 goblins 5 grid bugs 3 lichens 4 newts 46 creatures vanquished. Voluntary challenges: You were an atheist. You used a wielded weapon 60 times, starting on turn 60. You read items or engraved 4 times, starting on turn 685. You never genocided any monsters. You never polymorphed an object. You never changed form. You used no wishes. You never split a pudding. You never wrote Elbereth's name. You violated your moral code, losing 14 points of alignment, starting on turn 908. Dungeon overview: The Dungeons of Doom: levels 1 to 6 Level 1 some fountains, some sinks a long staircase Level 2 a general store Level 3 a potion shop Level 4 stairs to The Gnomish Mines Level 5 a general store Level 6 <- You were here a fountain The Gnomish Mines: Level 5 stairs to The Dungeons of Doom History has recorded: On T:1 you entered the Dungeons of Doom to retrieve the Amulet of Yendor! On T:103 you reached level 2 of The Dungeons of Doom. On T:487 you reached level 3 of The Dungeons of Doom. On T:608 you advanced to experience level 2. On T:852 you reached level 4 of The Dungeons of Doom. On T:908 you advanced to experience level 3. On T:1036 you advanced to experience level 4. On T:1313 you reached level 1 of The Gnomish Mines. On T:1335 you reached level 5 of The Dungeons of Doom. On T:2023 you advanced to experience level 5. On T:2074 you reached level 6 of The Dungeons of Doom. On T:2378 you advanced to experience level 6. Score breakdown: Gold: 0 ( 0 points) Experience: 6 levels (12456 points) Exploration: 6 levels ( 11.76%) ( 9486 points) Discoveries: 11 items ( 3.82%) ( 5863 points) Valuables value: (no points given unless you survive) Artifact value: 0 ( 0 points) Variety of kills: 22 monsters ( 5.77%) ( 7208 points) Turncount: 2453 turns ( -302 points) Survival: died (score multiplied by 80%) Total score: 27768 Latest messages: The spell hits the giant bat! The spell hits the leprechaun! The giant bat bites! The kitten bites the giant bat. The giant bat is killed! The leprechaun picks up 207 gold pieces. You kill the leprechaun! The kitten eats a giant bat corpse. The kitten picks up 641 gold pieces. N - a bronze ring. O - a wand of create monster. There is nothing here to pick up. The kitten drops 641 gold pieces. The door resists! The door opens. You stop. Your kitten is in the way! The gnome mummy hits! You feel more confident in your weapon skills. You hit the gnome mummy! The gnome mummy hits! You die... Your body rises from the dead as a human mummy... Final status: Goodbye wizbiz the Wizard, killed by a gnome mummy... You died in The Dungeons of Doom on dungeon level 6 with 27768 points, and 0 pieces of gold, after 2453 moves. You were level 6 with a maximum of 47 hit points when you died.